 Dungeon Crawl Stone Soup version 0.29.1-1-gd02db6906a (webtiles) character file.

Game seed: 8143829409588074253

3137 LustLizard the Arsonist (level 9, -2/75 HPs)
             Began as a Hill Orc Fire Elementalist on Sept 23, 2022.
             Was a Believer of Beogh.
             Slain by Prince Ribbit (9 damage)
             ... on level 7 of the Dungeon.
             The game lasted 00:16:22 (9323 turns).

LustLizard the Arsonist (HOFE)                      Turns: 9323, Time: 00:16:22

Health: -2/75      AC:  8    Str: 11    XL:     9   Next: 92%
Magic:  15/15      EV: 11    Int: 19    God:    Beogh [**....]
Gold:   447        SH:  0    Dex: 11    Spells: 9/16 levels left

rFire   . . .      SeeInvis +   w - +3 hand axe (flame)
rCold   . . .      Faith    .   (no shield)
rNeg    . . .      Spirit   .   x - +1 leather armour of Inaction {rCorr SInv Stlth-}
rPois   .          Reflect  .   s - +0 helmet
rElec   .          Harm     .   (no cloak)
rCorr   +          Rampage  .   (no gloves)
Will    .....                   f - +0 pair of boots
Stlth   +.........              e - amulet of the acrobat
HPRegen 0.22/turn               u - ring of flight
MPRegen 0.14/turn               (no ring)

@: flying
A: iridescent scales 1, wild magic 1, inability to read after injury 1
a: Renounce Religion, Smiting


You were on level 7 of the Dungeon.
You worshipped Beogh.
Beogh was pleased with you.
You visited 1 branch of the dungeon, and saw 7 of its levels.

You collected 447 gold pieces.

Inventory:

Hand Weapons
 d - a +3 short sword
 p - a +3 vampiric hand axe
 w - a +3 hand axe of flaming (weapon)
Armour
 a - a +0 robe
 f - a +0 pair of boots (worn)
 s - a +0 helmet (worn)
 x - the +1 leather armour of Inaction (worn) {rCorr SInv Stlth-}
   (You found it on level 5 of the Dungeon)

   SInv:      It lets you see invisible.
   rCorr:     It protects you from acid and corrosion.
   Stlth:     It makes you less stealthy.
Jewellery
 e - an amulet of the acrobat (around neck)
 o - an amulet of faith
 u - a ring of flight (left hand)
Wands
 i - a wand of polymorph (3)
 n - a wand of iceblast (2)
Scrolls
 g - 4 scrolls of vulnerability
 h - 6 scrolls of noise
 r - a scroll of teleportation
 y - 4 scrolls of identify {unknown}
 z - a scroll of amnesia {unknown}
 B - a scroll of blinking {unknown}
 C - a scroll of enchant armour {unknown}
Potions
 b - 4 potions of magic
 c - 4 potions of curing
 j - 2 potions of heal wounds {unknown}
 k - a potion of flight {unknown}
 l - a potion of berserk rage {unknown}
 m - 2 potions of lignification
 q - 2 potions of might {unknown}
 t - a potion of haste {unknown}
 v - a potion of attraction {unknown}
 A - a potion of ambrosia {unknown}


   Skills:
 + Level 6.0 Fighting
 - Level 1.5 Dodging
 - Level 4.0 Stealth
 + Level 4.1 Spellcasting
 * Level 7.3 Conjurations
 - Level 2.0 Translocations
 * Level 8.7 Fire Magic


You had 9 spell levels left.
You knew the following spells:

 Your Spells              Type           Power      Damage    Failure   Level
a - Foxfire               Conj/Fire      100%       2x1d9     1%          1
b - Flame Wave            Conj/Fire      44%        2d11      11%         4
c - Blink                 Tloc           28%        N/A       17%         2

Your spell library contained the following spells:

 Spells                   Type           Power      Damage    Failure   Level
 Magic Dart               Conj           100%       1d8       1%          1
 Scorch                   Fire           96%        2d10      1%          2
 Conjure Flame            Conj/Fire      44%        6-21      3%          3
 Inner Flame              Hex/Fire       26%        N/A       13%         3
 Mephitic Cloud           Conj/Pois/Air  17%        N/A       28%         3
 Call Imp                 Summ           5%         N/A       34%         2
 Manifold Assault         Tloc           14%        N/A       95%         5
 Statue Form              Tmut/Erth      3%         N/A       100%        6
 Summon Cactus Giant      Summ           2%         N/A       100%        6
 Storm Form               Tmut/Air       2%         N/A       100%        7


Dungeon Overview and Level Annotations

Branches:
Dungeon (7/15)             Temple (0/1) D:7

Altars:
Fedhas
Gozag
Makhleb
Nemelex Xobeh
Qazlal
Sif Muna
Trog
Uskayaw
Wu Jian

Annotations:
D:6 exclusion: oklob plant
D:7 Prince Ribbit


Innate Abilities, Weirdness & Mutations

You are partially covered in iridescent scales. (AC +2)
Your spells are a little harder to cast, but a little more powerful.
You occasionally lose the ability to read scrolls when taking damage.


Message History

The orc wizard barely misses you.
The orc priest calls down the wrath of Beogh upon you.
Beogh smites you!
The orc wizard hits you with a +0 dagger.
You hit the orc wizard. You burn the orc wizard.
You kill the orc wizard!
Beogh accepts your kill. Prince Ribbit hits you!
* * * LOW HITPOINT WARNING * * *
Your Fighting skill increases to level 6!
You hit the orc priest but do no damage.
You hit Prince Ribbit. You burn Prince Ribbit.
Prince Ribbit blinks!
The orc priest calls down the wrath of Beogh upon you.
Beogh smites you!
You feel threatened and lose the ability to read scrolls!
* * * LOW HITPOINT WARNING * * *
Prince Ribbit blinks!
You hit the orc priest. You burn the orc priest.
The orc priest is lightly wounded.
The orc priest closely misses you. x2
You hit the orc priest. You burn the orc priest.
The orc priest is moderately wounded.
The orc priest mumbles some strange prayers to Beogh against you.
Pain shoots through your body!
* * * LOW HITPOINT WARNING * * *
You barely miss the orc priest.
The orc priest is moderately wounded.
You can read scrolls again.
The orc priest barely misses you.
You slash the orc priest! You burn the orc priest.
The orc priest is almost dead.
Prince Ribbit croaks regally.
Prince Ribbit blinks!
The orc priest hits you with a +0 hand axe.
* * * LOW HITPOINT WARNING * * *
Prince Ribbit hits you but does no damage.
You closely miss the orc priest.
The orc priest is almost dead.
You barely miss Prince Ribbit. Prince Ribbit hits you!
You die...

###......########
#..>........)....
#####.###########
#...)).)).#
#########)# #.#
#.# ###### #.#
#.@o§# #.# #F##.#
#[#
###############.##
# #.#
.................#
#.#
###############.##
#.# ### #.# ###
#.# #####.. #.#
....#.# #.#


You could see Prince Ribbit and an orc priest.

Vanquished Creatures
  Pikel (D:4)
  A yak (D:5)
  An acid dragon (D:7)
  A water moccasin (D:6)
  2 black bears (D:4)
  2 ice beasts
  2 sky beasts (D:7)
  2 ogres (D:5)
  A centaur (D:5)
  A phantom (D:5)
  3 lemures (D:4)
  4 bullfrogs (D:7)
  2 necrophages (D:5)
  2 scorpions
  2 hounds
  6 jellies
  5 orc priests
  A gnoll bouda (D:6)
  2 iguanas
  6 orc wizards
  15 gnolls
  5 adders
  A shadow imp (D:7)
  2 white imps
  A worm (D:5)
  2 dart slugs
  20 orcs
  9 ball pythons
  7 bats
  28 endoplasms
  3 giant cockroaches
  4 goblins
  6 hobgoblins
  5 jackals (D:1)
  6 kobolds
  4 quokkas
  4 frilled lizards
  5 rats (D:1)
174 creatures vanquished.

Vanquished Creatures (collateral kills)
  2 foxfires (D:1)
2 creatures vanquished.

Vanquished Creatures (others)
  526 foxfires
  6 fungi (D:6)
532 creatures vanquished.

Grand Total: 708 creatures vanquished

Notes
Turn   | Place    | Note
-------+----------+-------------------------------------------
     0 | D:1      | LustLizard the Hill Orc Fire Elementalist began the quest
                  | for the Orb.
     0 | D:1      | Reached XP level 1. HP: 14/14 MP: 3/3
   226 | D:1      | Reached XP level 2. HP: 20/22 MP: 0/4
   416 | D:1      | Found a faded altar of an unknown god.
   633 | D:1      | Reached skill level 1 in Fighting
   633 | D:1      | Reached XP level 3. HP: 28/28 MP: 1/5
  1718 | D:2      | Reached skill level 4 in Fire Magic
  1719 | D:2      | Identified the +7 spear "Brush" {vorpal, *Slow Str+3}
  1889 | D:2      | Reached XP level 4. HP: 30/35 MP: 1/6
  2520 | D:3      | Reached XP level 5. HP: 32/41 MP: 0/8
  3051 | D:3      | Reached XP level 6. HP: 37/47 MP: 0/9
  3838 | D:4      | Reached skill level 5 in Fire Magic
  4135 | D:4      | Noticed a black bear
  4143 | D:4      | Killed a black bear
  4476 | D:5      | Entered Level 5 of the Dungeon
  4502 | D:4      | Noticed a black bear
  4513 | D:4      | Killed a black bear
  4514 | D:4      | Reached XP level 7. HP: 38/57 MP: 6/10
  4538 | D:4      | Gained mutation: You are frail. (-10% HP) [potion of
                  | mutation]
  4538 | D:4      | Gained mutation: You are weak. (Str -2) [potion of
                  | mutation]
  4538 | D:4      | Gained mutation: Your spells are a little easier to cast,
                  | but a little less powerful. [potion of mutation]
  4561 | D:4      | HP: 1/76 [lemure[Pikel] (4)]
  4842 | D:4      | Lost mutation: You are weak. (Str -2) [potion of mutation]
  4842 | D:4      | Lost mutation: Your spells are a little easier to cast, but
                  | a little less powerful. [potion of mutation]
  4842 | D:4      | Lost mutation: You are frail. (-10% HP) [potion of
                  | mutation]
  4842 | D:4      | Gained mutation: Your spells are a little harder to cast,
                  | but a little more powerful. [potion of mutation]
  4842 | D:4      | Gained mutation: You occasionally lose the ability to read
                  | scrolls when taking damage. [potion of mutation]
  4842 | D:4      | Gained mutation: You are partially covered in iridescent
                  | scales. (AC +2) [potion of mutation]
  4903 | D:4      | Noticed Pikel
  4930 | D:4      | Killed Pikel
  4931 | D:4      | Reached skill level 6 in Fire Magic
  4931 | D:4      | Reached XP level 8. HP: 9/66 MP: 0/12
  5434 | D:5      | Reached skill level 5 in Conjurations
  5787 | D:5      | Identified the +1 leather armour of Inaction {rCorr SInv
                  | Stlth-}
  6037 | D:5      | Became a worshipper of Beogh the Brigand
  6214 | D:5      | Noticed a yak
  6225 | D:5      | Reached skill level 7 in Fire Magic
  6595 | D:5      | Killed a yak
  6596 | D:5      | Reached XP level 9. HP: 70/73 MP: 7/14
  6687 | D:5      | Learned a level 4 spell: Flame Wave
  6821 | D:6      | Reached skill level 5 in Fighting
  7193 | D:6      | Found an ornate altar of the Wu Jian Council.
  7193 | D:6      | Found a sparkling altar of Nemelex Xobeh.
  7194 | D:6      | Found a bloodstained altar of Trog.
  7195 | D:6      | Found an opulent altar of Gozag.
  7195 | D:6      | Found a stormy altar of Qazlal.
  7195 | D:6      | Found a shimmering blue altar of Sif Muna.
  7197 | D:6      | Found a burning altar of Makhleb.
  7197 | D:6      | Found a blossoming altar of Fedhas.
  7197 | D:6      | Found a hide-covered altar of Uskayaw.
  7540 | D:6      | Got Sif Muna's Papyrus of Gathered Silt
  7707 | D:6      | Noticed an oklob plant
  7726 | D:6      | Reached * piety under Beogh
  7910 | D:6      | Reached skill level 8 in Fire Magic
  8424 | D:7      | Learned a level 2 spell: Blink
  8587 | D:7      | Reached ** piety under Beogh
  8588 | D:7      | Reached skill level 1 in Translocations
  8781 | D:7      | Found a staircase to the Ecumenical Temple.
  9304 | D:7      | Noticed Prince Ribbit
  9323 | D:7      | Slain by Prince Ribbit

Illustrated notes

Levels and vault maps discovered:
D:1:      giann_wishing_wells, layout_loops_corners,
          ebering_ecumenical_altar_abandoned, serial_forest,
          infiniplex_forest_lined_1, infiniplex_forest_clump_cross,
          infiniplex_forest_straight_4, infiniplex_forest_join,
          infiniplex_forest_lined_corner, infiniplex_forest_clump_double,
          infiniplex_forest_clump_medium, infiniplex_forest_clump_medium,
          minmay_misc_feat_ornament, minmay_door_square,
          nicolae_kite_square_tiling_tiny, nicolae_grassy_gnolls
D:2:      layout_basic, minmay_pentomino_u4
D:3:      layout_basic
D:4:      layout_basic, minmay_quadrilaterals, uniq_pikel
D:5:      layout_cave_pools, serial_column_ruins, column_ruins_square_large,
          column_ruins_open_large, column_ruins_open_small, column_ruins_grid_1,
          column_ruins_open_large, minmay_small_thing
D:6:      lemuel_slime, layout_basic, nicolae_overflows_in_rows,
          chequers_serial_rivers_room_b
D:7:      layout_basic, minmay_temple_entry_statues, st_stairs_13,
          uniq_prince_ribbit1

Skill      XL: |  1  2  3  4  5  6  7  8  9 |
---------------+----------------------------+-----
Fighting       | 1 2 3 4 6 |  6.0
Conjurations   | 2 3 4 6 7 |  7.3
Fire Magic     | 4 5 6 7 8 |  8.7
Stealth        | 2 3 4 |  4.0
Spellcasting   | 2 3 4 |  4.1
Translocations | 2 |  2.0
Dodging        | |  1.5

Action                   |  1- 3 |  4- 6 |  7- 9 || total
-------------------------+-------+-------+-------++-------
Melee: Unarmed           |     6 |       |       ||     6
       Short sword       |    27 |       |       ||    27
       Hand axe          |     1 |    73 |   192 ||   266
       Punch             |     1 |       |     3 ||     4
 Cast: Foxfire           |    57 |    67 |   183 ||   307
       Flame Wave        |       |       |     2 ||     2
Invok: Convert to Beogh  |       |       |     1 ||     1
  Use: Scroll            |     1 |     7 |     1 ||     9
       Potion            |       |       |     5 ||     5
 Stab: Sleeping          |     1 |     4 |     1 ||     6
Armor: Robe              |    15 |    21 |    12 ||    48
       Skin              |       |       |    26 ||    26
       Leather armour    |       |       |    55 ||    55
Dodge: Dodged            |    22 |    64 |   126 ||   212
